 Dungeon Crawl Stone Soup version 0.20.1-1-g8b1a95d (webtiles) character file.

177 Soel00 the Chopper (level 5, -4/47 HPs)
             Began as a Minotaur Berserker on Oct 17, 2017.
             Was a Priest of Trog.
             Slain by Grinder (6 damage)
             ... on level 3 of the Dungeon.
             The game lasted 00:09:23 (2020 turns).

Soel00 the Chopper (Minotaur Berserker)             Turns: 2020, Time: 00:09:24

Health: -4/47      AC:  2    Str: 22    XL:     5   Next: 31%
Magic:  4/4        EV: 13    Int:  4    God:    Trog [***...]
Gold:   178        SH:  0    Dex: 10    Spells: 4/4 levels left

rFire    . . .     SeeInvis .   a - +0 hand axe
rCold    . . .     Gourm    .   (no shield)
rNeg     . . .     Faith    .   b - +0 animal skin
rPois    .         Spirit   .   (helmet restricted)
rElec    .         Reflect  .   (no cloak)
rCorr    .         Harm     .   (no gloves)
MR       .....                  (no boots)
Stlth    +.........             (no amulet)
Regen    0.2/turn               (no ring)
MPRegen  0.1/turn               (no ring)

@: no status effects
A: retaliatory headbutt, horns 2
a: Berserk, Trog's Hand, Burn Spellbooks, Renounce Religion


You were on level 3 of the Dungeon.
You worshipped Trog.
Trog was most pleased with you.
You were not hungry.

You visited 1 branch of the dungeon, and saw 3 of its levels.

You collected 178 gold pieces.

Inventory:

Hand Weapons
 a - a +0 hand axe (weapon)
 s - a +2 hunting sling of freezing
Armour
 b - a +0 animal skin (worn)
 t - a +0 helmet
Jewellery
 r - an uncursed ring of fire {unknown}
Wands
 q - a wand of polymorph (18/24)
Scrolls
 d - 3 scrolls of teleportation {unknown}
 e - a scroll of amnesia {unknown}
 g - a scroll of recharging {unknown}
 i - 2 scrolls of remove curse {unknown}
 m - a scroll of enchant armour {unknown}
 p - a scroll of immolation {unknown}
Potions
 f - a potion of invisibility {unknown}
 h - a potion of agility {unknown}
 k - a potion of ambrosia {unknown}
 l - a potion of cancellation {unknown}
 n - 2 potions of curing {unknown}
 o - a potion of flight {unknown}
Comestibles
 c - 2 bread rations
 j - 2 meat rations


   Skills:
 + Level 4.7 Fighting
 + Level 5.9 Axes
 + Level 2.5 Armour
 + Level 3.2 Dodging
 + Level 0.5 Stealth


You had 4 spell levels left.
You didn't know any spells.

Dungeon Overview and Level Annotations

Branches:
Dungeon (3/15)

Altars:

Annotations:
D:3 Grinder


Innate Abilities, Weirdness & Mutations

You reflexively headbutt those who attack you in melee.
You have a pair of horns on your head.


Message History

You barely resist. Grinder gestures at you. You resist with significant effort.
Grinder hits you.
You writhe in agony.
Grinder gestures at you. Pain shoots through your body!
* * * LOW HITPOINT WARNING * * *
Grinder hits you.
* * * LOW HITPOINT WARNING * * *
You can move again.
You slash Grinder!
Grinder is moderately wounded.
Grinder misses you.
Unknown command.
You hit Grinder.
Grinder is moderately wounded.
Grinder hits you.
* * * LOW HITPOINT WARNING * * *
You writhe in agony.
You die...

## ##............
#.....######.. ##...##
.# ##.## .# # #.# .# .#
#.# .# .. ##'## .#.###.
##...## ###..>....
##.....## #.@5...... #
##.......###.#...###.
####.........##.#.....#
...'.........'..........
####.........####.......
# ##.......## #.##.##
##.....## ## .# ##...##
# ##+##


You could see Grinder.

Vanquished Creatures
  Jessica (D:3)
  Natasha (D:3)
  Robin (D:3)
  2 adders (D:3)
  An ooze (D:2)
  2 worms (D:2)
  A dart slug (D:1)
  2 leopard geckos
  An orc (D:2)
  6 bats
  14 giant cockroaches
  20 goblins
  9 hobgoblins
  A quokka (D:2)
  A ball python (D:1)
  3 frilled lizards (D:1)
  6 kobolds
  5 rats
77 creatures vanquished.

Notes
Turn   | Place    | Note
-------+----------+-------------------------------------------
     0 | D:1      | Soel00 the Minotaur Berserker began the quest for the Orb.
     0 | D:1      | Reached XP level 1. HP: 19/19 MP: 0/0
    54 | D:1      | Reached skill level 4 in Axes
    89 | D:1      | Reached XP level 2. HP: 23/27 MP: 1/1
   656 | D:1      | Reached XP level 3. HP: 33/33 MP: 2/2
   890 | D:1      | Reached ** piety under Trog
  1119 | D:2      | Reached skill level 5 in Axes
  1545 | D:2      | Reached XP level 4. HP: 34/40 MP: 3/3
  1708 | D:3      | Noticed Jessica
  1715 | D:3      | Killed Jessica
  1789 | D:3      | Reached *** piety under Trog
  1796 | D:3      | Noticed Robin
  1806 | D:3      | Reached XP level 5. HP: 29/47 MP: 4/4
  1809 | D:3      | Killed Robin
  1901 | D:3      | Noticed Natasha
  1911 | D:3      | Killed Natasha
  2011 | D:3      | Noticed Grinder
  2013 | D:3      | Paralysed by Grinder for 6 turns
  2020 | D:3      | HP: 2/47 [Grinder (3)]
  2020 | D:3      | Slain by Grinder

Skill      XL: |  1  2  3  4 |
---------------+-------------+-----
Axes           | 4 5 |  5.9
Fighting       | 4 |  4.7
Dodging        | 3 |  3.2
Armour         | |  2.5
Stealth        | |  0.5

Action                   |  1- 3 |  4- 6 || total
-------------------------+-------+-------++-------
Melee: Hand axe          |    93 |    60 ||   153
       Headbutt          |    17 |     5 ||    22
  Eat: Bread ration      |     1 |       ||     1
       Chunk             |     1 |       ||     1
Armor: Animal skin       |    24 |     5 ||    29
Dodge: Dodged            |    53 |    48 ||   101
